 Dungeon Crawl Stone Soup version 0.29.1-13-g9f3cf754e1 (webtiles) character file.

Game seed: 3982239694980161463

5618 theswoord the Cruncher (level 10, -1/100 HPs)
             Began as a Demonspawn Gladiator on Jan 22, 2023.
             Was a Priest of Wu Jian.
             Succumbed to a killer bee's poison
             ... on level 9 of the Dungeon.
             The game lasted 00:16:51 (8599 turns).

theswoord the Cruncher (Demonspawn Gladiator)       Turns: 8599, Time: 00:16:52

Health: -1/100     AC: 14    Str: 19    XL:     10   Next: 45%
Magic:  1/1        EV: 12    Int:  9    God:    Wu Jian [***...]
Gold:   636        SH:  0    Dex: 21    Spells: 9/9 levels left

rFire   . . .      SeeInvis .   a - +1 quarterstaff (freeze)
rCold   . . .      Faith    .   (shield currently unavailable)
rNeg    . . .      Spirit   .   r - +5 ring mail "Atifytixt" {Contam Will+++ MP-9 Dex+6}
rPois   .          Reflect  .   (helmet restricted)
rElec   .          Harm     +   h - scarf {harm}
rCorr   .          Rampage  .   o - +0 pair of gloves
Will    +++..                   (no boots)
Stlth   ..........              (no amulet)
HPRegen 2.26/turn               (no ring)
MPRegen 0.07/turn               (no ring)

@: mighty, berserking, lethally poisoned (-1 -> -10), slowed
A: horns 2, thin metallic scales 2, demonic guardian 1, powered by death 1
a: Renounce Religion, Wall Jump, Serpent's Lash


You were on level 9 of the Dungeon.
You worshipped Wu Jian.
Wu Jian was most pleased with you.
You visited 2 branches of the dungeon, and saw 10 of its levels.

You collected 873 gold pieces.
You spent 237 gold pieces at shops.

Inventory:

Hand Weapons
 a - a +1 quarterstaff of freezing (weapon)
Missiles
 d - 5 throwing nets (quivered)
 e - 5 javelins
Armour
 b - a +0 leather armour
 c - a +0 helmet
 h - a scarf of harm (worn)
 i - a +1 cloak
 j - a +1 scale mail of poison resistance
 o - a +0 pair of gloves (worn)
 r - the +5 ring mail "Atifytixt" (worn) {Contam Will+++ MP-9 Dex+6}
   (You found it on level 2 of the Dungeon)

   Dex:       It affects your dexterity (+6).
   MP:        It affects your magic capacity (-9).
   Contam:    It causes magical contamination when unequipped.
   Will:      It greatly increases your willpower.
 A - the +1 chain mail of Disappointment {rN+ Int+4}
   (You bought it in a shop on level 2 of the Dungeon)

   Int:       It affects your intelligence (+4).
   rN:        It protects you from negative energy.
 D - a +0 pair of gloves
 K - a +0 pair of boots
Jewellery
 x - a ring of magical power
Wands
 w - a wand of quicksilver (10)
 y - a wand of paralysis (10)
 C - a wand of iceblast (11)
 E - a wand of digging (1)
Scrolls
 g - a scroll of vulnerability
 l - a scroll of fear
 m - 2 scrolls of enchant armour
 n - 3 scrolls of amnesia
 u - a scroll of enchant weapon
 B - a scroll of immolation
 H - 3 scrolls of teleportation
 I - a scroll of poison
 J - 2 scrolls of identify
 L - a scroll of summoning
 M - a scroll of blinking
Potions
 f - 3 potions of lignification
 k - 2 potions of attraction
 p - 3 potions of resistance
 q - a potion of berserk rage
 s - 2 potions of curing
 t - a potion of heal wounds
 z - a potion of brilliance {unknown}
 F - a potion of degeneration
 G - a potion of invisibility


   Skills:
 - Level 2.0 Fighting
 + Level 14.4 Staves
 - Level 1.7 Throwing
 - Level 2.6 Dodging


You had 9 spell levels left.
You didn't know any spells.
Your spell library was empty.

Dungeon Overview and Level Annotations

Branches:
Dungeon (9/15)             Temple (1/1) D:4
   Lair: D:8-11         Orc: D:9-12

Altars:
Ashenzari
Cheibriados
Dithmenos
Fedhas
Gozag
Hepliaklqana
Kikubaaqudgha
Makhleb
Nemelex Xobeh
Okawaru
Qazlal
Ru
Sif Muna
Uskayaw
Vehumet
Wu Jian
Xom
Yredelemnul

Shops:
D:2 [   D:5 *


Innate Abilities, Weirdness & Mutations

You have a pair of horns on your head.
You are mostly covered in thin metallic scales. (AC +3)
A weak demonic guardian rushes to your aid.
You regenerate a little health from kills.


Message History

* * * LOW HITPOINT WARNING * * *
You feel very sick. The killer bee stings you.
* * * LOW HITPOINT WARNING * * *
You are more poisoned.
The killer bee poisons you! The hornet closely misses you.
The centaur hits you.
* * * LOW HITPOINT WARNING * * *
The centaur kicks you but does no damage.
You sock the hornet! You freeze the hornet.
You kill the hornet!
The Council accepts your kill.
* * * LOW HITPOINT WARNING * * *
You feel very sick.
The killer bee stings you but does no damage.
The centaur hits you but does no damage.
The centaur barely misses you. The killer bee barely misses you.
Your iron imp hits the centaur.
The killer bee stings you.
* * * LOW HITPOINT WARNING * * *
You hit the centaur. You freeze the centaur.
The centaur is heavily wounded.
* * * LOW HITPOINT WARNING * * *
You feel very sick.
The killer bee stings you but does no damage.
The killer bee barely misses you. The centaur barely misses you. x2
You sock the centaur! You freeze the centaur.
You kill the centaur!
The Council accepts your kill.
* * * LOW HITPOINT WARNING * * *
You feel very sick. The killer bee stings you.
* * * LOW HITPOINT WARNING * * *
You are more poisoned.
The killer bee poisons you! The killer bee barely misses you.
You miss the killer bee.
* * * LOW HITPOINT WARNING * * *
You feel very sick. The killer bee barely misses you.
The killer bee misses you.
You miss the killer bee. Your headbutt misses the killer bee.
You die...

.....# ..††.# ###'#####
........#.8.
.......##...
.......###.#
.......#.#.#
..#####.##.## #####
..#..)###...###.@y#.#
#...8.)).._....58yy.#
###...###...###...#...#
#####.##)## ##### ....
#......#)# .!.
#.....##.## ..
#.....#...# .
#...).#.8.# #..)))#...#


You could see 3 killer bees and a friendly iron imp (summoned).

Vanquished Creatures
  A hornet (D:9)
  A wraith (D:9)
  Eustachio (D:4)
  2 wyverns
  A steam dragon (D:7)
  Edmund (D:4)
  2 water moccasins
  Pargi (D:4)
  2 black bears (D:7)
  2 orc warriors (D:7)
  3 ice beasts
  4 ogres
  A sky beast (D:7)
  4 centaurs
  5 phantoms (D:5)
  A kobold brigand (D:8)
  Blork the orc (D:6)
  2 bullfrogs
  6 necrophages
  2 gnoll sergeants
  4 scorpions
  4 wights (D:6)
  3 killer bees (D:9)
  4 hounds (D:5)
  2 jellies
  5 orc priests
  2 gnoll boudas
  4 iguanas
  7 orc wizards
  Robin (D:4)
  27 gnolls
  12 adders
  A shadow imp (D:3)
  2 white imps (D:7)
  2 adder zombies (D:3)
  A worm (D:2)
  2 dart slugs
  32 orcs
  5 ball pythons
  7 endoplasms
  5 giant cockroaches
  15 goblins
  5 hobgoblins
  7 jackals
  10 kobolds
  4 quokkas
  A ball python zombie (D:3)
  11 bats
  4 frilled lizards (D:1)
  A giant cockroach zombie (D:3)
  10 rats
243 creatures vanquished.

Vanquished Creatures (collateral kills)
  A quokka (D:5)
1 creature vanquished.

Vanquished Creatures (others)
  6 withered plants (D:4)
6 creatures vanquished.

Grand Total: 250 creatures vanquished

Notes
Turn   | Place    | Note
-------+----------+-------------------------------------------
     0 | D:1      | theswoord the Demonspawn Gladiator began the quest for the
                  | Orb.
     0 | D:1      | Reached XP level 1. HP: 16/16 MP: 1/1
   220 | D:1      | Reached skill level 3 in Staves
   237 | D:1      | Gained mutation: You are partially covered in thin metallic
                  | scales. (AC +2) [demonic ancestry]
   237 | D:1      | Reached XP level 2. HP: 19/22 MP: 2/2
   475 | D:1      | Found a faded altar of an unknown god.
   563 | D:1      | Gained mutation: You have a pair of small horns on your
                  | head. [demonic ancestry]
   563 | D:1      | Reached XP level 3. HP: 27/27 MP: 3/3
   791 | D:1      | Reached skill level 4 in Staves
   866 | D:2      | Found Netaontu's Antique Armour Shoppe.
   950 | D:2      | Identified the +5 ring mail "Atifytixt" {Contam Will+++
                  | MP-9 Dex+6}
  1299 | D:2      | Gained mutation: You are mostly covered in thin metallic
                  | scales. (AC +3) [demonic ancestry]
  1299 | D:2      | Reached XP level 4. HP: 32/33 MP: 0/4
  1386 | D:3      | Found a basalt altar of Yredelemnul.
  1396 | D:3      | Noticed a necrophage
  1405 | D:3      | Killed a necrophage
  1406 | D:3      | Reached skill level 5 in Staves
  1406 | D:3      | Gained mutation: You have a pair of horns on your head.
                  | [demonic ancestry]
  1406 | D:3      | Reached XP level 5. HP: 38/38 MP: 0/5
  2188 | D:2      | Reached skill level 6 in Staves
  2199 | D:2      | Gained mutation: A weak demonic guardian rushes to your
                  | aid. [demonic ancestry]
  2199 | D:2      | Reached XP level 6. HP: 11/44 MP: 0/6
  3085 | D:4      | Noticed Pargi
  3095 | D:4      | Killed Pargi
  3096 | D:4      | Reached skill level 7 in Staves
  3120 | D:4      | Noticed Eustachio
  3146 | D:4      | Killed Eustachio
  3147 | D:4      | Reached XP level 7. HP: 50/50 MP: 0/7
  3187 | D:4      | Noticed Edmund
  3213 | D:4      | Killed Edmund
  3214 | D:4      | Reached skill level 8 in Staves
  3318 | D:4      | Found an ancient bone altar of Kikubaaqudgha.
  3507 | D:4      | Found a staircase to the Ecumenical Temple.
  3559 | Temple   | Entered the Ecumenical Temple
  3643 | Temple   | Became a worshipper of the Wu Jian Council
  3933 | D:4      | Noticed Robin
  3959 | D:4      | Killed Robin
  4120 | D:5      | Entered Level 5 of the Dungeon
  4141 | D:5      | Reached skill level 9 in Staves
  4141 | D:5      | Gained mutation: You regenerate a little health from kills.
                  | [demonic ancestry]
  4141 | D:5      | Reached XP level 8. HP: 56/56 MP: 0/8
  4341 | D:5      | Found a shimmering altar of Xom.
  4417 | D:5      | Found Hyanlas's Assorted Antiques.
  4531 | D:2      | Bought a heavily runed chain mail for 237 gold pieces
  4531 | D:2      | Identified the +1 chain mail of Disappointment {rN+ Int+4}
                  | (You bought it in a shop on level 2 of the Dungeon)
  4587 | D:5      | Found a shadowy altar of Dithmenos.
  4670 | D:5      | Reached skill level 10 in Staves
  4730 | D:5      | Reached * piety under Wu Jian
  4877 | D:5      | Reached skill level 11 in Staves
  4880 | D:5      | Reached XP level 9. HP: 36/61 MP: 0/9
  5189 | D:5      | Found a hide-covered altar of Uskayaw.
  5358 | D:5      | Found a sparkling altar of Nemelex Xobeh.
  5790 | D:6      | Reached skill level 12 in Staves
  5928 | D:6      | Reached ** piety under Wu Jian
  6205 | D:6      | Noticed Blork the orc
  6212 | D:6      | Killed Blork the orc
  6224 | D:6      | Found a shimmering blue altar of Sif Muna.
  6269 | D:6      | Found an opulent altar of Gozag.
  6823 | D:7      | Reached skill level 13 in Staves
  7040 | D:7      | Reached XP level 10. HP: 63/67 MP: 1/10
  7090 | D:7      | Found a hazy altar of Hepliaklqana.
  7092 | D:7      | Found a faded altar of an unknown god.
  7199 | D:7      | Found an iron altar of Okawaru.
  8185 | D:9      | Reached skill level 14 in Staves
  8460 | D:9      | Reached *** piety under Wu Jian
  8592 | D:9      | Paralysed by a hornet for 1 turns
  8597 | D:9      | HP: 5/100 [killer bee (1)]
  8598 | D:9      | HP: 2/100 [poisoned by a killer bee]
  8599 | D:9      | Succumbed to a killer bee's poison

Skill      XL: |  1  2  3  4  5  6  7  8  9 10 |
---------------+-------------------------------+-----
Staves         | 3 4 5 6 7 9 11 13 14 | 14.4
Fighting       | |  2.0
Throwing       | |  1.7
Dodging        | |  2.6

Action                   |  1- 3 |  4- 6 |  7- 9 | 10-12 || total
-------------------------+-------+-------+-------+-------++-------
Melee: Quarterstaff      |   138 |   102 |   415 |   123 ||   778
       Headbutt          |     6 |    25 |    84 |    20 ||   135
Throw: Throwing net      |       |     1 |       |       ||     1
Invok: Lunge             |       |       |    30 |    12 ||    42
       Whirlwind         |       |       |     5 |       ||     5
Evoke: Wand              |       |       |     3 |       ||     3
  Use: Scroll            |       |    13 |    11 |       ||    24
       Potion            |       |     1 |       |     2 ||     3
 Stab: Fleeing           |       |     1 |       |       ||     1
       Sleeping          |       |     3 |       |     2 ||     5
       Distracted        |       |       |     2 |       ||     2
Armor: Scale mail        |   103 |       |       |       ||   103
       Leather armour    |     2 |       |       |       ||     2
       Ring mail         |     8 |    35 |   153 |    66 ||   262
Dodge: Dodged            |   119 |    52 |   206 |    56 ||   433

Levels and vault maps discovered:
D:1:      nicolae_arrival_washed_ashore, layout_basic, basic_ecumenical_altar,
          chequers_hall_statues_wall_a, minmay_lizard_pond
D:2:      minmay_general_purpose_star, layout_basic, serial_shops,
          nicolae_shop_crystal
D:3:      layout_basic, nicolae_yredelemnul_corpse_copse, interstate_on_off
D:4:      layout_layer_cave, kiku_gazebo_garden_becter,
          minmay_temple_entry_ruins, uniq_robin, uniq_eustachio, uniq_pargi,
          uniq_edmund
D:5:      minmay_polygon_palace, layout_basic, mainiacjoe_overflow_alcove_1,
          nicolae_uskayaw_dance_hall, overflow_temple_1_default,
          kennysheep_little_box, serial_shops, nicolae_shop_hallway_stairs,
          minmay_stone_trees_small
D:6:      layout_loops_ring, pdpol_temple_overflow_zin_treasury_gozag_greed,
          tgw_sif
D:7:      layout_gridville, mainiacjoe_overflow_six_doors_small,
          beargit_hepliaklqana_dungeon_heroes, minmay_misc_feat_roman,
          hangedman_decor_points, minmay_misc_feat_ornament
D:8:      layout_loops_cross
D:9:      layout_basic, elyvilon_altar_1, tso_oasis_becter
Temple:   nicolae_temple_colour_theory
